 Dungeon Crawl Stone Soup version 0.29-a0-775-g4d7333d4e2 (webtiles) character file.

Game seed: 2008269792792176508

112 purpskrrrp the Sneak (level 4, -7/24 HPs)
             Began as a Vampire Enchanter on July 2, 2022.
             Killed by divine providence
             ... invoked by an orc priest
              (15 damage)
             ... on level 3 of the Dungeon.
             The game lasted 00:14:25 (2082 turns).

purpskrrrp the Sneak (Vampire Enchanter)            Turns: 2082, Time: 00:14:26

Health: -7/24      AC:  3    Str:  7    XL:     4   Next: 64%
Magic:  7/7        EV: 12    Int: 17    God:
Gold:   114        SH:  0    Dex: 16    Spells: 7/7 levels left

rFire   . . .      SeeInvis +   a - +2 dagger
rCold   + + .      Faith    .   (no shield)
rNeg    + + +      Spirit   .   b - +0 robe
rPois   ∞          Reflect  .   (no helmet)
rElec   .          Harm     .   (no cloak)
rCorr   .          Rampage  .   j - +0 pair of gloves
Will    .....                   (no boots)
Stlth   +++++.....              (no amulet)
HPRegen 0.00/turn               (no ring)
MPRegen 0.10/turn               (no ring)

@: bloodless, inhibited regen
A: bloodless, fangs 3, see invisible, vampiric 2
a: Bat Form, Revivify


You were on level 3 of the Dungeon.
You visited 1 branch of the dungeon, and saw 3 of its levels.

You collected 114 gold pieces.

Inventory:

Hand Weapons
 a - a +2 dagger (weapon)
Armour
 b - a +0 robe (worn)
 j - a +0 pair of gloves (worn)
Magical Staves
 k - a staff of air
Scrolls
 d - a scroll of magic mapping
 h - 3 scrolls of teleportation
Potions
 c - 2 potions of invisibility
 e - 2 potions of flight
 n - 2 potions of heal wounds {unknown}
 p - a potion of brilliance {unknown}
 q - a potion of lignification {unknown}


   Skills:
 + Level 0.6 Fighting
 * Level 2.0 Short Blades
 + Level 2.5 Dodging
 * Level 6.8 Stealth
 + Level 2.1 Spellcasting
 + Level 5.1 Hexes


You had 7 spell levels left.
You didn't know any spells.
Your spell library contained the following spells:

 Spells                   Type           Power      Damage    Failure   Level
 Confusing Touch          Hex            19%        N/A       7%          3
 Tukima's Dance           Hex            19%        N/A       7%          3
 Ensorcelled Hibernation  Hex/Ice        20%        N/A       10%         2
 Freeze                   Ice            4%         1d3       19%         1
 Dazzling Flash           Conj/Hex       20%        N/A       21%         3
 Frozen Ramparts          Ice            2%         1d2       50%         3
 Ozocubu's Armour         Ice            1%         N/A       50%         3
 Hailstorm                Conj/Ice       1%         3d3       88%         4
 Ice Form                 Ice/Tmut       1%         N/A       88%         4
 Simulacrum               Ice/Necr       0%         N/A       100%        6
 Ozocubu's Refrigeration  Ice            0%         4d5       100%        7


Dungeon Overview and Level Annotations

Branches:
Dungeon (3/15)

Altars:


Innate Abilities, Weirdness & Mutations

You do not regenerate when monsters are visible.
You are frail without blood (-20% HP).
You can heal yourself when you bite living creatures.
You are immune to poison.
You have razor-sharp teeth.
You have supernaturally acute eyesight. (SInv)
You are afflicted with vampirism and can become a bat while bloodless.


Message History

The rat is severely wounded.
A goblin comes into view. It is wielding a +0 dagger.
The rat barely misses you.
The orc priest casts a cantrip, but nothing happens.
You closely miss the rat.
The goblin shouts!
Your punch misses the rat.
The rat is severely wounded.
The rat barely misses you.
You hit the rat.
You kill the rat!
You hit the orc.
The orc is moderately wounded.
The orc closely misses you.
You hit the orc.
The orc is heavily wounded.
The orc priest looks satisfied for a moment.
The orc hits you with a +0 mace.
You closely miss the orc.
The orc is heavily wounded.
The orc barely misses you.
You hit the orc.
You kill the orc!
You hit the goblin.
You kill the goblin!
You barely miss the orc priest.
The orc priest hits you with a +0 short sword.
You hit the orc priest. You punch the orc priest.
The orc priest is heavily wounded.
The orc priest hits you with a +0 short sword.
You hit the orc priest. You bite the orc priest.
You draw the orc priest's blood!
You feel better.
The orc priest is severely wounded.
The orc priest hits you with a +0 short sword.
You barely miss the orc priest.
The orc priest is severely wounded.
The orc priest mumbles some strange prayers to Beogh against you.
Beogh smites you!
Ouch! That really hurt!
You die...

#.##.# . #. #.##.#
#. #. #....# #.##.
###..# #.#.# #..#
#... #..# ##.. #..#
##...#########..#
#...oo@.........#
.....###########.##
.#. #.# #.# #.# #.#
#.# #.#


You could see an orc priest and an orc.

Vanquished Creatures
  A gnoll (D:1)
  4 adders (D:2)
  A worm (D:2)
  2 dart slugs
  An orc (D:3)
  An endoplasm (D:2)
  5 giant cockroaches
  8 goblins
  5 hobgoblins
  A quokka (D:1)
  7 ball pythons
  6 bats
  3 frilled lizards
  9 kobolds
  5 rats
59 creatures vanquished.

Notes
Turn   | Place    | Note
-------+----------+-------------------------------------------
     0 | D:1      | purpskrrrp the Vampire Enchanter began the quest for the
                  | Orb.
     0 | D:1      | Reached XP level 1. HP: 13/13 MP: 3/3
   173 | D:1      | Reached XP level 2. HP: 9/15 MP: 5/5
   471 | D:1      | Reached skill level 5 in Stealth
   482 | D:1      | Reached skill level 5 in Hexes
   826 | D:1      | Gained mutation: You are afflicted with vampirism and can
                  | become a bat while bloodless. [Vampire growth]
   826 | D:1      | Reached XP level 3. HP: 19/19 MP: 6/6
  1381 | D:2      | Reached XP level 4. HP: 24/24 MP: 7/7
  1385 | D:2      | Reached skill level 6 in Stealth
  2082 | D:3      | Killed from afar by an orc priest

Illustrated notes

Levels and vault maps discovered:
D:1:      minmay_arrival_stair_chambers, layout_basic
D:2:      minmay_thinvault, layout_basic, kennysheep_decorative_pillar
D:3:      layout_loops_ring, st_stairs_10

Skill      XL: |  1  2  3  4 |
---------------+-------------+-----
Stealth        | 5 6 |  6.8
Hexes          | 5 |  5.1
Short Blades   | 2 |  2.0
Fighting       | |  0.6
Dodging        | |  2.5
Spellcasting   | |  2.1

Action                   |  1- 3 |  4- 6 || total
-------------------------+-------+-------++-------
Melee: Dagger            |    78 |    50 ||   128
       Bite              |     2 |     3 ||     5
       Punch             |     1 |     1 ||     2
 Abil: Exsanguinate      |     1 |       ||     1
  Use: Scroll            |       |     9 ||     9
 Stab: Sleeping          |    19 |    13 ||    32
Armor: Robe              |    13 |     8 ||    21
Dodge: Dodged            |    26 |    14 ||    40

Table legend: (Time is in decaauts)
 A = Elapsed time spent in this place.
 B = Non-inter-level travel time spent in this place.
 C = Inter-level travel time spent in this place.
 D = Time resting spent in this place.
 E = Time spent auto-exploring this place.
 F = Levels seen in this place.
 G = Mean time per level.
                   A        B        C        D        E       F      G
               +--------+--------+--------+--------+--------+-----+--------+
         Total |   2071 |   2007 |     64 |     22 |   1429 |   3 |  690.3 |
       Dungeon |   2071 |   2007 |     64 |     22 |   1429 |   3 |  690.3 |
               +--------+--------+--------+--------+--------+-----+--------+

Top non-repeatable levels by time:
     D:2: 1259 daAuts
     D:1: 672 daAuts
     D:3: 139 daAuts
